 Dungeon Crawl Stone Soup version 0.22-a0-38-gc6ec8ce517 (webtiles) character file.

156 Kaname the Conjurer (level 5, 12/36 HPs)
             Began as a Demonspawn Wizard on Jan 4, 2018.
             Quit the game on level 3 of the Dungeon.
             The game lasted 00:07:58 (2935 turns).

Kaname the Conjurer (Demonspawn Wizard)             Turns: 2935, Time: 00:07:59

Health: 12/36      AC:  3    Str:  8    XL:     5   Next: 14%
Magic:  4/9        EV: 12    Int: 20    God:
Gold:   121        SH:  0    Dex: 11    Spells: 1/10 levels left

rFire    . . .     SeeInvis +   c - +3 dagger
rCold    . . .     Gourm    .   (no shield)
rNeg     . . .     Faith    .   a - +0 robe
rPois    .         Spirit   .   b - +0 hat
rElec    .         Reflect  .   (no cloak)
rCorr    .         Harm     .   (no gloves)
MR       .....                  (no boots)
Stlth    +++.......             q - amulet of magic regeneration
HPRegen  0.12/turn              k - ring of see invisible
MPRegen  0.36/turn              (no ring)

@: slowed, very slow
A: hooves 1, rugged brown scales 1, nightstalker 2
a: no special abilities


You were on level 3 of the Dungeon.
You were not hungry.

You visited 1 branch of the dungeon, and saw 3 of its levels.

You collected 121 gold pieces.

Inventory:

Hand Weapons
 c - a +3 dagger (weapon)
Armour
 a - a +0 robe (worn)
 b - a +0 hat (worn)
Jewellery
 h - an uncursed amulet of rage
 k - a ring of see invisible (left hand)
 q - an amulet of magic regeneration (around neck)
Scrolls
 m - 2 scrolls of identify {unknown}
 o - a scroll of teleportation {unknown}
 p - a scroll of fear {unknown}
 r - a scroll of remove curse {unknown}
Potions
 e - a potion of flight {unknown}
 f - 2 potions of mutation {unknown}
 g - a potion of degeneration {unknown}
 i - a potion of haste {unknown}
 j - a potion of heal wounds {unknown}
 l - 2 potions of curing {unknown}
 n - a potion of magic {unknown}
 s - a potion of might {unknown}
Comestibles
 d - 11 rations
 t - 3 chunks of flesh


   Skills:
 - Level 1.7 Dodging
 - Level 1.7 Stealth
 - Level 3.0 Spellcasting
 + Level 4.4 Conjurations
   Level 1.0 Summonings
 - Level 1.0 Translocations
 - Level 2.0 Poison Magic


You had one spell level left.
You knew the following spells:

 Your Spells              Type           Power        Failure   Level  Hunger
a - Magic Dart            Conj           ###.         2%          1    None
b - Blink                 Tloc           N/A          14%         2    ##.....
c - Mephitic Cloud        Conj/Pois/Air  ##......     17%         3    ###....
d - Conjure Flame         Conj/Fire      ##......     17%         3    ###....


Dungeon Overview and Level Annotations

Branches:
Dungeon (3/15)

Altars:
Qazlal

Annotations:
D:3 Jessica


Innate Abilities, Weirdness & Mutations

You have large cloven feet.
You are partially covered in rugged brown scales. (AC +1, +3% HP)
You are significantly more attuned to the shadows.


Message History

Natasha is almost dead.
Natasha wildly gestures.
You feel disoriented. Natasha casts a spell at you. The magic dart hits you!
Natasha mumbles some strange words.
Unknown command.
Casting: Magic Dart
Confirm with . or Enter, or press ? or * to list all spells.
Aiming: Magic Dart
Press: ? - help, Shift-Dir - straight line, f/p - Natasha
Aim: Natasha (almost dead)
The magic dart hits Natasha.
You kill Natasha!
Natasha screams in fury as she dies!
The crimson imp disappears in a puff of smoke!
You have reached level 5!
Your demonic ancestry asserts itself...
Rugged brown scales grow over part of your body.
Are you sure you want to abandon this character and quit the game? (Confirm with "yes".)

#
#.>...####...#.##.####...##
# # #####.......#..##.#
...# #.# # #######.#.###.#
...# #.. # ### ####.#.###.#
### # #.. ..#.......# #..
#####.#####.###.##### #..#.
...##.......###.# #...
##.##.##........#######.#
##.##.##.##.####@.......#
####### .........##.#
#.#####..# #......
##.##.......# #.#
###..###.##### #.##.#####.#
#.ยง#.........# ..##.. ..#
#.###.#....### ######## ###
.## ##..##.# # #.####.# .#
#.# ...


There were no monsters in sight!

Vanquished Creatures
  Terence (D:2)
  Natasha (D:3)
  A gnoll (D:3)
  2 adders
  2 worms (D:2)
  2 dart slugs (D:1)
  2 leopard geckos (D:1)
  An orc (D:3)
  A ball python (D:2)
  3 bats
  3 giant cockroaches
  8 goblins
  6 hobgoblins
  12 jackals
  3 kobolds (D:2)
  6 frilled lizards
  10 rats
64 creatures vanquished.

Notes
Turn   | Place    | Note
-------+----------+-------------------------------------------
     0 | D:1      | Kaname the Demonspawn Wizard began the quest for the Orb.
     0 | D:1      | Reached XP level 1. HP: 13/13 MP: 4/4
     2 | D:1      | Noticed an octopode
     2 | D:1      | Noticed an elf
     4 | D:1      | Noticed a felid
     6 | D:1      | Noticed a naga
     6 | D:1      | Noticed a vampire
     8 | D:1      | Noticed a demonspawn
    10 | D:1      | Noticed a demigod
    10 | D:1      | Noticed a spriggan
    12 | D:1      | Noticed a halfling
    12 | D:1      | Noticed an ogre
    14 | D:1      | Noticed a dwarf
    16 | D:1      | Noticed a draconian
    16 | D:1      | Noticed a formicid
    18 | D:1      | Noticed a tengu
    18 | D:1      | Noticed a ghoul
    20 | D:1      | Noticed a vine stalker
    22 | D:1      | Noticed a human
    22 | D:1      | Noticed a gargoyle
    24 | D:1      | Noticed a centaur
    24 | D:1      | Noticed a merfolk
    26 | D:1      | Noticed a minotaur
    26 | D:1      | Noticed a troll
   465 | D:1      | Reached skill level 2 in Conjurations
   513 | D:1      | Gained mutation: You are slightly more attuned to the shadows. [demonic ancestry]
   513 | D:1      | Reached XP level 2. HP: 19/19 MP: 3/6
  1055 | D:1      | Reached skill level 3 in Conjurations
  1297 | D:1      | Learned a level 2 spell: Blink
  1468 | D:2      | Gained mutation: You are significantly more attuned to the shadows. [demonic ancestry]
  1468 | D:2      | Reached XP level 3. HP: 24/24 MP: 1/7
  1479 | D:1      | Reached skill level 1 in Translocations
  1499 | D:1      | Learned a level 3 spell: Mephitic Cloud
  1595 | D:2      | Found a stormy altar of Qazlal.
  2133 | D:2      | Noticed Terence
  2204 | D:2      | Killed Terence
  2204 | D:2      | Reached skill level 4 in Conjurations
  2204 | D:2      | Gained mutation: You have large cloven feet. [demonic ancestry]
  2204 | D:2      | Reached XP level 4. HP: 30/30 MP: 1/8
  2328 | D:2      | Learned a level 3 spell: Conjure Flame
  2552 | D:3      | Reached skill level 1 in Poison Magic
  2637 | D:3      | Noticed Jessica
  2928 | D:3      | Noticed Natasha
  2934 | D:3      | Killed Natasha
  2934 | D:3      | Gained mutation: You are partially covered in rugged brown scales. (AC +1, +3% HP) [demonic ancestry]
  2934 | D:3      | Reached XP level 5. HP: 12/36 MP: 3/9
  2935 | D:3      | Quit the game

Vault maps used:
D:1:      kb_arrival_jail, serial_forest, infiniplex_forest_clump_small,
          infiniplex_forest_corner_2, infiniplex_forest_zigzag_1,
          infiniplex_forest_clump_tiny, infiniplex_forest_end_2,
          infiniplex_forest_clump_double, infiniplex_forest_zigzag_1,
          corexii_corridor_pit, minmay_misc_feat_pillars
D:2:      nicolae_qazlal_general_emergency, minmay_tromino_v4_b, uniq_terence
D:3:      uniq_jessica, uniq_natasha

Skill      XL: |  1  2  3  4 |
---------------+-------------+-----
Conjurations   | 2 3 4 |  4.4
Translocations | 1 |  1.0
Poison Magic   | 2 |  2.0
Dodging        | |  1.7
Stealth        | |  1.7
Spellcasting   | |  3.0
Summonings     | |  1.0

Action                   |  1- 3 |  4- 6 || total
-------------------------+-------+-------++-------
Melee: Unarmed           |     6 |       ||     6
       Dagger            |     9 |    12 ||    21
       Spear             |    34 |     7 ||    41
       Kick              |       |     2 ||     2
 Cast: Magic Dart        |    99 |    45 ||   144
       Mephitic Cloud    |     1 |       ||     1
 Stab: Sleeping          |     3 |     3 ||     6
  Eat: Chunk             |     3 |     3 ||     6
Armor: Robe              |    11 |     3 ||    14
Dodge: Dodged            |    41 |    24 ||    65

Table legend:
 A = Spawn XP
 B = Non-spawn XP
 C = Spawn XP percentage of total XP
 D = Spawn monster count
 E = Non-spawn monster count
 F = Spawn count percentage of total count
 G = Total turns spent on level
                    A         B        C        D         E        F      G
               +---------+---------+-------+---------+---------+-------+---------
         Total |       0 |     223 |   0.0 |       0 |      64 |   0.0 |  2935
               +---------+---------+-------+---------+---------+-------+---------
           D:1 |       0 |      44 |   0.0 |       0 |      22 |   0.0 |  1569
           D:2 |       0 |      96 |   0.0 |       0 |      27 |   0.0 |   990
           D:3 |       0 |      83 |   0.0 |       0 |      15 |   0.0 |   376
               +---------+---------+-------+---------+---------+-------+---------
